cohdb
Replays
Latest Replays
All Replays
Popular Replays
Top Player Replays
Match Explorer
How It Works
Community
CoH3 Stats
Reddit
Sign in to upload your games and track your stats! →
Sign in with Steam
Match 45158175
Unlisted
Match 45158175
Overview
Messages
Build Orders
End
Construct Barracks
Riflemen Squad
Riflemen Squad
Riflemen Squad
Grenade Package
Air Support Center
Construct Motor Pool
P-47 Strafing Run
M1 Anti-tank Gun Team
M1 Mortar Team
P-47 Dive Bomb
P-47 Strafing Run
M1918 Browning Automatic Rifles
Grasshopper Recon Run
Double Sortie
P-47 Strafing Run
Engineer Squad
Construct Medical Station
Grasshopper Recon Run
P-47 Dive Bomb
P-47 Strafing Run
剩者为王
HI
袅炸天
冲锋大哥
抖音雨哲QAQ
小方2333
gskogowk
ionwood
0
0
Comments
sign in to comment!
No comments posted yet!